cohdb
Replays
Latest Replays
All Replays
Popular Replays
Top Player Replays
Match Explorer
How It Works
Community
CoH3 Stats
Reddit
Sign in to upload your games and track your stats! →
Sign in with Steam
Match 41842923
Unlisted
Match 41842923
Overview
Messages
Build Orders
End
Royal Engineer Section
Vickers Machine Gun Team
Construct Section Command Post
Infantry Section
Infantry Section
Construct Platoon Command Post
CMP 15cwt Truck
6-pounder Anti-tank Gun Team
Selects Air and Sea Battlegroup
Selects Supply Surplus
Construct Resource Cache
Forward Retreat Point
Construct Company Command Post
Touffic
Ricky Mah
Anchored
rudgus2564
[HAN]Diederick Kastner
namocutol1981
宇杰
帝国の突撃隊
0
0
Comments
sign in to comment!
No comments posted yet!